 Dungeon Crawl Stone Soup version 0.25.0-1-g7eea58d2a3 (webtiles) character file.

Game seed: 1287022163419342920

660 Apogee the Archer (level 7, -6/61 HPs)
             Began as a Centaur Hunter on June 14, 2020.
             Killed by nerve-wracking pain
             ... invoked by Menkaure
              (13 damage)
             ... on level 4 of the Dungeon.
             The game lasted 00:13:17 (6126 turns).

Apogee the Archer (Centaur Hunter)                  Turns: 6126, Time: 00:13:17

Health: -6/61      AC: 10    Str: 22 (23) XL:     7   Next: 30%
Magic:  7/7        EV: 19    Int:  9 (10) God:
Gold:   285        SH:  0    Dex:  7 (9)  Spells: 6/6 levels left

rFire    x . .     SeeInvis .   a - +1 shortbow
rCold    + . .     Gourm    .   (shield currently unavailable)
rNeg     . . .     Faith    .   y - +0 plate armour
rPois    .         Spirit   .   x - +1 helmet
rElec    .         Reflect  .   (no cloak)
rCorr    .         Harm     .   (no gloves)
MR       .....                  (no barding)
Stlth    ..........             e - amulet of the acrobat
HPRegen  0.20/turn              k - +6 ring of strength
MPRegen  0.10/turn              l - ring of ice

@: acrobat, very quick
A: large, hooves 3, deformed body, speed 2, tough skin 3
a: no special abilities


You were on level 4 of the Dungeon.
You were not hungry.

You visited 1 branch of the dungeon, and saw 4 of its levels.

You collected 285 gold pieces.

Inventory:

Hand Weapons
 a - a +1 shortbow (weapon)
 b - a +2 dagger of speed
 v - a +0 short sword
Missiles
 d - 54 arrows (quivered)
 j - 44 poisoned darts
Armour
 t - a +2 scale mail of poison resistance
 x - a +1 helmet (worn)
 y - a +0 plate armour (worn)
Jewellery
 e - an amulet of the acrobat (around neck)
 k - a +6 ring of strength (left hand)
 l - a ring of ice (right hand)
Scrolls
 c - a scroll of magic mapping
 h - 7 scrolls of remove curse
 i - 2 scrolls of identify
 n - a scroll of enchant armour
 p - a scroll of random uselessness {unknown}
 r - a scroll of fog
 s - a scroll of teleportation
Potions
 g - 2 potions of lignification
 o - a potion of might {unknown}
 q - 2 potions of heal wounds
 u - a potion of brilliance
 w - a potion of haste
Comestibles
 f - 7 rations


   Skills:
 + Level 5.0 Fighting
 + Level 10.0 Bows
 - Level 1.3 Dodging
 - Level 0.4 Stealth


You had 6 spell levels left.
You didn't know any spells.
Your spell library was empty.

Dungeon Overview and Level Annotations

Branches:
Dungeon (4/15)
 Temple: D:4-7

Altars:
Cheibriados
Dithmenos
Hepliaklqana
Sif Muna
Yredelemnul

Annotations:
D:4 Menkaure


Innate Abilities, Weirdness & Mutations

You have hooves in place of feet.
Armour fits poorly on your strangely shaped body.
You cover ground very quickly.
You have extremely tough skin. (AC +3)


Message History

Press: ? - help, Shift-Dir - straight line, f/p - Menkaure
Aim: Menkaure (heavily damaged, fast)
You shoot an arrow. The arrow barely misses Menkaure.
Firing (i - inventory. (/) - cycle)
d - 55 arrows (quivered)
Press: ? - help, Shift-Dir - straight line, f/p - Menkaure
Aim: Menkaure (heavily damaged, fast)
You shoot an arrow. The arrow hits Menkaure.
Menkaure is severely damaged.
Menkaure hits you!
* * * LOW HITPOINT WARNING * * *
All of the chunks of flesh in your inventory have rotted away.
Unknown command.
Okay, then.
Menkaure calls on the powers of darkness!
Your body is wracked with pain!
* * * LOW HITPOINT WARNING * * *
Menkaure is no longer moving quickly.
Menkaure gestures at you while chanting.
Pain shoots through your body!
You die...

#.# #.# ##
######.####...#
#.......M...#
#.######.##.#
###...#.###.. #.
#..........# ##.#
#.#..^##..##
...##@##.## .#
#..##.##.# #
#...#.##.#
.###...#....#
.......#.######.
.######..<........
.........#.####.#.
######.##........
#.##.####...


You could see Menkaure.

Vanquished Creatures
  Grinder (D:3)
  An ogre (D:3)
  2 hounds (D:4)
  Crazy Yiuf (D:3)
  2 orc priests (D:3)
  An orc wizard (D:3)
  Robin (D:3)
  8 adders
  An ooze (D:1)
  2 worms
  A dart slug (D:2)
  5 leopard geckos
  3 orcs (D:3)
  2 ball pythons (D:2)
  7 bats
  4 giant cockroaches
  20 goblins
  10 hobgoblins
  8 jackals
  11 kobolds
  6 frilled lizards
  8 rats
105 creatures vanquished.

Notes
Turn   | Place    | Note
-------+----------+-------------------------------------------
     0 | D:1      | Apogee the Centaur Hunter began the quest for the Orb.
     0 | D:1      | Reached XP level 1. HP: 17/17 MP: 1/1
   277 | D:1      | Reached XP level 2. HP: 20/24 MP: 2/2
   353 | D:1      | Reached skill level 6 in Bows
   833 | D:1      | HP: 1/24 [leopard gecko (2)]
  1417 | D:2      | Reached XP level 3. HP: 29/29 MP: 3/3
  1471 | D:2      | Found a snail-covered altar of Cheibriados.
  1666 | D:2      | Found a shadowy altar of Dithmenos.
  1666 | D:2      | Noticed a shadow
  1685 | D:2      | Reached skill level 7 in Bows
  1718 | D:2      | Found a hazy altar of Hepliaklqana.
  2362 | D:2      | Reached XP level 4. HP: 37/37 MP: 4/4
  3772 | D:3      | Reached skill level 8 in Bows
  3772 | D:3      | Reached XP level 5. HP: 29/44 MP: 5/5
  3987 | D:3      | Noticed an ogre
  4026 | D:3      | Killed an ogre
  4325 | D:3      | Reached XP level 6. HP: 44/51 MP: 6/6
  4565 | D:3      | Reached skill level 9 in Bows
  4647 | D:3      | Noticed Grinder
  4670 | D:3      | Killed Grinder
  4670 | D:3      | Reached XP level 7. HP: 55/60 MP: 7/7
  4735 | D:3      | Found a runed translucent door.
  4736 | D:3      | Noticed Crazy Yiuf
  4774 | D:3      | Killed Crazy Yiuf
  5500 | D:3      | Noticed Robin
  5512 | D:3      | Killed Robin
  5830 | D:4      | Found a shimmering blue altar of Sif Muna.
  5832 | D:4      | Found a basalt altar of Yredelemnul.
  5913 | D:4      | Reached skill level 5 in Fighting
  5913 | D:4      | Reached skill level 10 in Bows
  6087 | D:4      | Noticed Menkaure
  6126 | D:4      | Killed from afar by Menkaure

Illustrated notes

Levels and vault maps discovered:
D:1:      minmay_arrival_nine_rooms, layout_basic, minmay_tall_x
D:2:      layout_loops_corners, riverfiend_overflow_shadow_ancestor,
          cheibriados_altar_1, grunt_decor_cap, minmay_tromino_mix6
D:3:      kennysheep_goblin_castle, layout_basic, uniq_grinder,
          uniq_crazy_yiuf_cottage
D:4:      layout_loops_ring, grunt_temple_overflow_open, uniq_menkaure

Skill      XL: |  1  2  3  4  5  6  7 |
---------------+----------------------+-----
Bows           | 6 7 8 9 10 | 10.0
Fighting       | 3 4 5 |  5.0
Dodging        | |  1.3
Stealth        | |  0.4

Action                   |  1- 3 |  4- 6 |  7- 9 || total
-------------------------+-------+-------+-------++-------
Melee: Short sword       |   145 |   154 |    34 ||   333
       Kick              |    19 |    31 |    15 ||    65
       Dagger            |       |       |    62 ||    62
 Fire: Shortbow          |    20 |    19 |    21 ||    60
  Use: Potion            |     4 |       |     3 ||     7
       Scroll            |     4 |     4 |       ||     8
  Eat: Chunk             |     4 |     6 |     4 ||    14
Armor: Leather armour    |    45 |    37 |       ||    82
       Skin              |    18 |       |       ||    18
       Scale mail        |       |    16 |    15 ||    31
       Plate armour      |       |       |    26 ||    26
Dodge: Dodged            |    74 |    86 |    47 ||   207
